AoeStats
← 中年不油妮

MegaRandom

509113260Analyzed
4v4 RM · 6d ago on Sep 25, 2026· 50m 57s· 8 players
Game mode
Random Map
Map size
Large (8 player)
Population
200
Speed
Normal
Resources
Standard
Victory
Conquest
Starting age
Dark Age
Ending age
Imperial Age
RankedLock teamsTeams togetherTeam positionsShared explorationLock speedFull tech treeHidden civsTurbo modeCheats
Victory
Defeat
🇨🇱 Tatars · Chile
1179
+15
🇬🇧 Cumans · United Kingdom
1171
+15
🇲🇽 Byzantines · Mexico
1137
+16
🇫🇷 Poles · France
1114
+17
🇦🇷 Maya · Argentina
1149
-16
🇺🇸 Portuguese · United States
1148
-16
🇨🇦 Vikings · Canada
1147
-16
🇦🇷 Romans · Argentina
1137
-15
中年不油妮
10:13 Feudal Age
8:30 Loom
10:16 Feudal Age
14:52 Castle Age
13:11 Double-Bit Axe
14:39 Horse Collar
17:34 Bow Saw
22:34 Bloodlines
24:09 Scale Barding Armor
26:02 Wheelbarrow
26:27 Chain Barding Armor
26:42 Forging
31:41 Imperial Age
29:42 Hand Cart
29:49 Heavy Plow
30:53 Iron Casting
31:48 Onager
32:01 Elite Steppe Lancer
33:48 Plate Barding Armor
33:11 Capped Ram
35:54 Blast Furnace
37:22 Siege Ram
PERMANED22
7:19 Loom
10:50 Feudal Age
15:13 Scale Barding Armor
26:06 Castle Age
37:40 Double-Bit Axe
40:33 Wheelbarrow
43:31 Imperial Age
42:11 Hand Cart
46:04 Chain Barding Armor
46:49 Forging
47:02 Horse Collar
48:21 Plate Barding Armor
49:09 Husbandry
49:52 Iron Casting
50:11 Cavalier
alexggg56
8:29 Loom
11:57 Feudal Age
13:37 Double-Bit Axe
13:38 Horse Collar
18:46 Castle Age
16:40 Stone Mining
16:41 Gold Mining
20:12 Bow Saw
20:20 Heavy Plow
21:02 Scale Barding Armor
21:10 Bloodlines
23:22 Chain Barding Armor
23:13 Forging
24:13 Wheelbarrow
25:25 Husbandry
27:02 Iron Casting
26:36 Szlachta Privileges
27:45 Hand Cart
28:32 Fletching
36:36 Imperial Age
34:48 Treadmill Crane
35:19 Masonry
35:30 Ballistics
35:12 Bodkin Arrow
35:25 Light Cavalry
36:39 Cavalier
38:22 Blast Furnace
37:47 Conscription
38:11 Crop Rotation
41:35 Chemistry
42:35 Bracer
42:43 Siege Engineers
43:51 Lechitic Legacy
43:52 Winged Hussar
Komposita
6:49 Loom
13:35 Feudal Age
17:45 Castle Age
15:38 Fletching
15:47 Double-Bit Axe
16:12 Horse Collar
17:46 Padded Archer Armor
18:22 Bodkin Arrow
20:23 Leather Archer Armor
19:49 Elite Skirmisher
28:20 Ballistics
30:05 Wheelbarrow
32:05 Hand Cart
35:18 Murder Holes
40:09 Silk Armor
42:27 Town Watch
Zangytangy
8:02 Loom
12:42 Feudal Age
13:37 Double-Bit Axe
15:19 Fletching
17:17 Horse Collar
21:04 Castle Age
21:45 Padded Archer Armor
21:09 Crossbowman
23:13 Bodkin Arrow
24:03 Bow Saw
25:47 Ballistics
25:39 Thumb Ring
29:07 Wheelbarrow
28:17 Town Watch
34:30 Imperial Age
36:43 Arbalester
37:25 Bracer
39:39 Chemistry
42:23 Heavy Plow
43:27 Two-Man Saw
S.enpaii
10:14 Feudal Age
14:10 Castle Age
12:59 Double-Bit Axe
13:35 Loom
18:07 Bow Saw
17:39 Horse Collar
21:00 Heavy Plow
22:06 Squires
22:58 Scale Mail Armor
25:34 Chain Mail Armor
25:29 Forging
27:38 Iron Casting
28:50 Arson
31:47 Imperial Age
29:37 Town Watch
30:43 Pikeman
31:55 Gold Mining
35:23 Blast Furnace
35:00 Plate Mail Armor
35:08 Bogsveigar
35:10 Chieftains
35:05 Elite Varangian Guard
38:29 Two-Man Saw
38:10 Gold Shaft Mining
38:10 Crop Rotation
40:43 Conscription
41:30 Town Patrol
41:37 Fletching
42:01 Masonry
KZA
11:15 Feudal Age
10:19 Loom
15:28 Castle Age
14:34 Double-Bit Axe
15:03 Scale Mail Armor
15:33 Horse Collar
19:05 Eagle Warrior
20:57 Forging
24:53 Pikeman
25:34 Squires
26:36 Chain Mail Armor
26:56 Iron Casting
32:18 Imperial Age
31:11 Iron Casting
33:30 Bow Saw
33:01 Halberdier
35:35 Two-Man Saw
37:15 Blast Furnace
DEBANNICO
4:00 Loom
11:29 Feudal Age
12:07 Double-Bit Axe
12:04 Horse Collar
12:04 Man-at-Arms
14:04 Scale Mail Armor
14:45 Forging
21:55 Castle Age
23:05 Long Swordsman
24:23 Iron Casting
24:04 Chain Mail Armor
24:36 Squires
24:08 Pikeman
26:11 Gold Mining
35:58 Imperial Age
34:04 Wheelbarrow
36:39 Halberdier
Connection lost

Rejoining the realm…

Still unreachable

The connection could not be restored.

Session expired

The server has moved on; the page needs a fresh start.